 Dungeon Crawl Stone Soup version 0.29-a0-322-g68df515428 (webtiles) character file.

Game seed: 10915541154064627539

47 kae the Firebug (level 3, 0/20 HPs)
             Began as a Tengu Fire Elementalist on Apr 7, 2022.
             Slain by an adder (4 damage)
             ... on level 2 of the Dungeon.
             The game lasted 00:00:49 (1815 turns).

kae the Firebug (Tengu Fire Elementalist)           Turns: 1815, Time: 00:00:50

Health: 0/20       AC:  2    Str:  8    XL:     3   Next: 70%
Magic:  4/7        EV: 12    Int: 17    God:
Gold:   52         SH:  0    Dex: 14    Spells: 5/6 levels left

rFire   . . .      SeeInvis .   e - +0 short sword
rCold   . . .      Faith    .   (no shield)
rNeg    . . .      Spirit   .   a - +0 robe
rPois   .          Reflect  .   (helmet restricted)
rElec   .          Harm     .   (no cloak)
rCorr   .          Rampage  .   (no gloves)
Will    .....                   (boots unavailable)
Stlth   ++........              (no amulet)
HPRegen 0.06/turn               (no ring)
MPRegen 0.10/turn               (no ring)

@: lethally poisoned (0 -> -5)
A: beak, talons 3
a: no special abilities


You were on level 2 of the Dungeon.
You visited 1 branch of the dungeon, and saw 2 of its levels.

You collected 52 gold pieces.

Inventory:

Hand Weapons
 e - a +0 short sword (weapon)
Armour
 a - a +0 robe (worn)
Scrolls
 c - a scroll of identify
 d - a scroll of teleportation
 f - a scroll of silence {unknown}
Potions
 b - 2 potions of magic
 g - a potion of attraction
 h - a potion of might {unknown}
 i - 3 potions of degeneration {unknown}
 j - 2 potions of curing {unknown}


   Skills:
 + Level 1.1 Fighting
 + Level 1.1 Armour
 + Level 2.6 Dodging
 - Level 2.0 Stealth
 + Level 2.2 Spellcasting
 + Level 2.3 Conjurations
 + Level 3.6 Fire Magic


You had 5 spell levels left.
You knew the following spells:

 Your Spells              Type           Power      Damage    Failure   Level
a - Foxfire               Conj/Fire      48%        2x1d6     5%          1

Your spell library contained the following spells:

 Spells                   Type           Power      Damage    Failure   Level
 Scorch                   Fire           28%        2d6       6%          2
 Conjure Flame            Conj/Fire      12%        6-21      17%         3
 Inner Flame              Hex/Fire       8%         N/A       26%         3
 Flame Wave               Conj/Fire      12%        2d6       50%         4


Dungeon Overview and Level Annotations

Branches:
Dungeon (2/15)

Altars:


Innate Abilities, Weirdness & Mutations

You have a beak for a mouth.
You have claws for feet.


Message History

The adder is lightly wounded.
You feel sick. The adder bites you.
You closely miss the adder. You claw the adder. Your peck misses the adder.
The adder is lightly wounded.
You feel sick. The adder misses you. The adder bites you.
You are more poisoned.
The adder poisons you!
An adder is nearby!
An adder is nearby!
An adder is nearby!
Casting: Foxfire (safe; 5% risk of failure)
Confirm with . or Enter, or press ? or * to list all spells.
You conjure some foxfire!
You feel sick. The adder bites you but does no damage.
You feel sick. The adder bites you but does no damage.
Casting: Foxfire (safe; 5% risk of failure)
Confirm with . or Enter, or press ? or * to list all spells.
You don't know that spell.
Casting: Foxfire (safe; 5% risk of failure)
Confirm with . or Enter, or press ? or * to list all spells.
You don't know that spell.
The adder attacks as you move away! The adder completely misses you.
You feel sick.
The foxfire hits the adder.
The adder is moderately wounded.
The adder bites you but does no damage.
Casting: Foxfire (safe; 5% risk of failure)
Confirm with . or Enter, or press ? or * to list all spells.
You conjure some foxfire!
You feel sick. The adder misses you.
You feel sick.
The foxfire hits the adder.
The adder is heavily wounded.
The adder bites you.
* * * LOW HITPOINT WARNING * * *
You are lethally poisoned!
The adder poisons you!
Casting: Foxfire (safe; 5% risk of failure)
Confirm with . or Enter, or press ? or * to list all spells.
You conjure some foxfire!
* * * LOW HITPOINT WARNING * * *
You feel sick. The adder bites you.
You die...

#. #. #. #. .# ##
.# # #.## #
#########...## ##
#v@v.........# ..
# #S#####.....###
##
#.#.##...........
#
#......##..#.####
# ###.#####..#.#
# #.#####..#.# #
#........#.# ##
.........#.# #.
.#.#####.#.# #.


You could see an adder (ally target).

Vanquished Creatures
  An adder (D:2)
  4 dart slugs
  3 ball pythons
  A bat (D:1)
  6 endoplasms
  A goblin (D:1)
  A hobgoblin (D:1)
  3 jackals (D:1)
  A quokka (D:1)
  2 kobolds (D:1)
  4 rats (D:1)
27 creatures vanquished.

Vanquished Creatures (others)
  97 foxfires
97 creatures vanquished.

Grand Total: 124 creatures vanquished

Notes
Turn   | Place    | Note
-------+----------+-------------------------------------------
     0 | D:1      | kae the Tengu Fire Elementalist began the quest for the
                  | Orb.
     0 | D:1      | Reached XP level 1. HP: 10/10 MP: 4/4
   265 | D:1      | Reached XP level 2. HP: 14/16 MP: 0/6
   935 | D:1      | Reached XP level 3. HP: 16/20 MP: 4/7
  1224 | D:2      | Reached skill level 1 in Armour
  1554 | D:2      | Reached skill level 1 in Fighting
  1815 | D:2      | Slain by an adder

Illustrated notes

Levels and vault maps discovered:
D:1:      minmay_arrival_four_houses, layout_rooms, serial_forest,
          infiniplex_forest_lined_room_2, infiniplex_forest_straight_2,
          infiniplex_forest_end_3, infiniplex_forest_straight_2
D:2:      layout_loops_corners, minivault_19, st_stairs_12,
          dreamdust_princess_corridor

Skill      XL: |  1  2  3 |
---------------+----------+-----
Conjurations   | 2 |  2.3
Armour         | 1 |  1.1
Fighting       | 1 |  1.1
Dodging        | |  2.6
Stealth        | |  2.0
Spellcasting   | |  2.2
Fire Magic     | |  3.6

Action                   || total
-------------------------++-------
Melee: Unarmed           ||     7
       Peck              ||     3
       Short sword       ||    18
       Kick              ||     6
 Cast: Foxfire           ||    65
  Use: Scroll            ||     3
Armor: Robe              ||     8
Dodge: Dodged            ||    19

Table legend: (Time is in decaauts)
 A = Elapsed time spent in this place.
 B = Non-inter-level travel time spent in this place.
 C = Inter-level travel time spent in this place.
 D = Time resting spent in this place.
 E = Time spent auto-exploring this place.
 F = Levels seen in this place.
 G = Mean time per level.
                   A        B        C        D        E       F      G
               +--------+--------+--------+--------+--------+-----+--------+
         Total |   1816 |   1803 |     13 |    115 |   1450 |   2 |  908.0 |
       Dungeon |   1816 |   1803 |     13 |    115 |   1450 |   2 |  908.0 |
               +--------+--------+--------+--------+--------+-----+--------+

Top non-repeatable levels by time:
     D:1: 1095 daAuts
     D:2: 720 daAuts
